cohdb
Replays
Latest Replays
All Replays
Popular Replays
Top Player Replays
Match Explorer
How It Works
Community
CoH3 Stats
Reddit
Sign in to upload your games and track your stats! →
Sign in with Steam
Match 45788243
Unlisted
Match 45788243
Overview
Messages
Build Orders
End
Panzergrenadier Squad
Selects Battlefield Espionage Battlegroup
250 Light Carrier
Panzergrenadier Squad
Construct Light Support Kompanie
Selects Intel Disruption Beacon
2.5-tonne Medical Truck
MG34 Team
Fire Support Elements
Pak 38 Mechanized Group
Selects 250/3 Funkpanzerwagen
Pak 38 Anti-tank Gun Team
Construct Panzerarmee Kommand
MG34 Team
Selects Anti-Tank Incendiary Munitions
Veteran Squad Leaders
Walking Stuka Rocket Launcher
LwD-ClevelanD
RainbowCat
雲蘭
March7th~ttv
--==[ ZaiS ]==--
ILoveGingers
[PD]Bimbi
Nico-Nico-Nii~~
0
0
Comments
sign in to comment!
No comments posted yet!